 Dungeon Crawl Stone Soup version 0.25-a0-280-gfa4545f159 (webtiles) character file.

Game seed: 1888473287797883759, levelgen mode: deterministic

142 waterploufplouf the Insei (level 5, 0/39 HPs)
             Began as a Merfolk Transmuter on Dec 10, 2019.
             Was an Initiate of Fedhas.
             Slain by an adder (3 damage)
             ... on level 2 of the Dungeon.
             The game lasted 00:16:36 (3625 turns).

waterploufplouf the Insei (Merfolk Transmuter)      Turns: 3625, Time: 00:16:37

Health: 0/39       AC:  2    Str: 11    XL:     5   Next: 25%
Magic:  8/8        EV: 13    Int: 12    God:    Fedhas [......]
Gold:   112        SH:  0    Dex: 15    Spells: 2/8 levels left

rFire    . . .     SeeInvis .     - Unarmed
rCold    . . .     Gourm    .   (no shield)
rNeg     . . .     Faith    .   b - +0 robe
rPois    .         Spirit   .   (no helmet)
rElec    .         Reflect  .   (no cloak)
rCorr    .         Harm     .   (no gloves)
MR       .....                  (no boots)
Stlth    +.........             (no amulet)
HPRegen  0.13/turn              (no ring)
MPRegen  0.11/turn              (no ring)

@: no status effects
A: change form in water, swift swim, stealthy swim
a: Renounce Religion


You were on level 2 of the Dungeon.
You worshipped Fedhas.
Fedhas was noncommittal.
You were hungry.

You visited 1 branch of the dungeon, and saw 3 of its levels.

You collected 112 gold pieces.

Inventory:

Missiles
 a - 9 arrows
 o - 5 boomerangs (quivered)
Armour
 b - a +0 robe (worn)
Jewellery
 k - an uncursed ring of resist corrosion {unknown}
Scrolls
 e - 2 scrolls of teleportation
 f - 2 scrolls of amnesia
 g - 3 scrolls of identify
 i - 2 scrolls of remove curse
Potions
 c - a potion of berserk rage {unknown}
 j - 2 potions of haste {unknown}
 l - a potion of brilliance {unknown}
Comestibles
 d - 3 rations


   Skills:
 - Level 2.7 Fighting
 - Level 3.1 Dodging
 + Level 4.6 Unarmed Combat
 - Level 2.0 Spellcasting
 * Level 4.5 Transmutations


You had 2 spell levels left.
You knew the following spells:

 Your Spells              Type           Power        Failure   Level  Hunger
a - Beastly Appendage     Tmut           ##....       4%          1    ##.....
b - Sticks to Snakes      Tmut           ##......     6%          2    ###....
c - Spider Form           Tmut/Pois      #.........   32%         3    ####...

Your spell library contained the following spells:

 Spells                   Type           Power        Failure   Level  Hunger
 Ice Form                 Ice/Tmut       #.......     71%         4    #####..
 Blade Hands              Tmut           ##........   75%         5    ######.


Dungeon Overview and Level Annotations

Branches:
Dungeon (3/15)

Altars:
Fedhas
Okawaru
Trog
Uskayaw
Vehumet


Message History

* * * LOW HITPOINT WARNING * * *
You hit the adder.
The adder is almost dead.
The goblin closely misses you. The adder closely misses you.
You closely miss the adder.
The adder is almost dead.
The goblin completely misses you. The adder completely misses you.
You miss the adder. Your headbutt misses the adder.
The adder is almost dead.
The adder bites you but does no damage. The goblin barely misses you.
You barely miss the adder. Your headbutt misses the adder.
The adder is almost dead.
Your horns disappear.
The adder barely misses you. The goblin hits you with a +0 club.
* * * LOW HITPOINT WARNING * * *
You hit the adder but do no damage.
The adder is almost dead.
The adder bites you.
You die...
Fedhas appreciates your contribution to the ecosystem.

#.##.##.# #..##..#.##
#.......# #..##..#.#
####.############..#...#.#
###.# #.......#..#.#.#.#
#...# #.......#..#.#.#.##
#.### #..###..#..........
#.# #..# #.....#.......
#.# #S.###..##.#..###..
#.# #g@.....##.#..# ###
#.## #.......##....# #..#
############.## ##.# #...#
#.################.## ###
#.##.............#.####..
#.##.#####.#####.#.##....
#...)...##.##......##.._.
####.##.......##.####..8_


You could see an adder and a goblin.

Vanquished Creatures
  A bullfrog zombie (D:3)
  Robin (D:2)
  2 oozes
  A worm (D:3)
  A dart slug (D:2)
  3 leopard geckos
  4 ball pythons
  10 bats
  4 giant cockroaches
  12 goblins
  11 hobgoblins
  3 jackals (D:2)
  8 kobolds
  A quokka (D:2)
  2 frilled lizards
  11 rats
75 creatures vanquished.

Vanquished Creatures (collateral kills)
  A worm (D:2)
  A hobgoblin (D:1)
2 creatures vanquished.

Grand Total: 77 creatures vanquished

Notes
Turn   | Place    | Note
-------+----------+-------------------------------------------
     0 | D:1      | waterploufplouf the Merfolk Transmuter began the quest for
                  | the Orb.
     0 | D:1      | Reached XP level 1. HP: 15/15 MP: 3/3
   199 | D:1      | Reached XP level 2. HP: 14/21 MP: 3/5
   356 | D:1      | Learned a level 2 spell: Sticks to Snakes
  1066 | D:1      | Reached XP level 3. HP: 23/27 MP: 6/6
  1870 | D:2      | Noticed Robin
  2083 | D:2      | Killed Robin
  2083 | D:2      | Reached XP level 4. HP: 31/34 MP: 3/7
  2407 | D:2      | Found a hide-covered altar of Uskayaw.
  2409 | D:2      | Found a radiant altar of Vehumet.
  2409 | D:2      | Found a blossoming altar of Fedhas.
  2423 | D:2      | Found an iron altar of Okawaru.
  2603 | D:2      | Became a worshipper of Fedhas Madash
  2878 | D:3      | Found a bloodstained altar of Trog.
  2966 | D:3      | Learned a level 3 spell: Spider Form
  3379 | D:3      | Reached XP level 5. HP: 12/39 MP: 8/8
  3625 | D:2      | Slain by an adder

Levels and vault maps discovered:
D:1:      sevenhm_arrival_forest_fort_small_4, layout_basic,
          minmay_misc_feat_columns
D:2:      layout_loops_cross, chequers_temple_overflow_statue_of_worship,
          okawaru_metal_pillars_3, uniq_robin
D:3:      layout_basic, lemuel_round_altar, uniq_crazy_yiuf_cottage

Skill      XL: |  1  2  3  4 |
---------------+-------------+-----
Dodging        | 3 |  3.1
Transmutations | 3 4 |  4.5
Fighting       | 2 |  2.7
Unarmed Combat | 4 |  4.6
Spellcasting   | |  2.0

Action                   |  1- 3 |  4- 6 || total
-------------------------+-------+-------++-------
Melee: Unarmed           |   139 |   132 ||   271
       Headbutt          |    10 |    18 ||    28
       Punch             |     2 |     3 ||     5
Throw: Boomerang         |       |     1 ||     1
 Cast: Beastly Appendage |    14 |    12 ||    26
       Sticks to Snakes  |     3 |       ||     3
  Use: Scroll            |       |     8 ||     8
       Potion            |       |     2 ||     2
 Stab: Sleeping          |     1 |       ||     1
  Eat: Chunk             |     4 |     5 ||     9
Armor: Robe              |    24 |    19 ||    43
Dodge: Dodged            |   100 |    97 ||   197

Table legend:
 A = Non-vault XP
 B = Vault XP
 C = Vault XP percentage of total XP
 D = Non-vault monster count
 E = Vault monster count
 F = Vault count percentage of total count
                 A         B        C        D         E       F
            +---------+---------+-------+---------+---------+-------
      Total |     170 |      34 |  16.7 |      66 |      11 |  14.3
            +---------+---------+-------+---------+---------+-------
        D:1 |      38 |       4 |   9.5 |      24 |       2 |   7.7
        D:2 |      44 |      30 |  40.5 |      21 |       9 |  30.0
        D:3 |      88 |       0 |   0.0 |      21 |       0 |   0.0
            +---------+---------+-------+---------+---------+-------
